3A
ALAMEDA AIRMEN @ MANCELONA TORCH
07/26/2030
 
TOP OF THE 1ST
Alameda Airmen batting - Pitching for Mancelona Torch : LHP Larry Duille
Pitching: LHP Larry Duille
Batting: RHB Domingo Torres 0-0: Foul Ball, location: 2F
0-1: Foul Ball, location: 2F
0-2: Strikes out swinging
Batting: LHB Ed Berry 0-0: Ball
1-0: Ball
2-0: Ball
3-0: Called Strike
3-1: Foul Ball, location: 2F
3-2: Foul Ball, location: 2F
3-2: Base on Balls
Batting: RHB Cristián Coronado 0-0: Ball
1-0: Fly out, F3 (Popup, 3F)
Batting: RHB Joaquín Lara 0-0: Fly out, F8 (Flyball, 8LD)
Top of the 1st over - 0 runs, 0 hits, 0 errors, 1 left on base; Alameda 0 - Mancelona 0
BOTTOM OF THE 1ST
Mancelona Torch batting - Pitching for Alameda Airmen : LHP Clay Pryor
Pitching: LHP Clay Pryor
Batting: RHB Alohanani Koora 0-0: Bunted foul
0-1: Ball
1-1: Ball
2-1: Ground out U3 (Groundball, 34)
Batting: RHB Daniel McCoy 0-0: Ball
1-0: Foul Ball, location: 2F
1-1: Ball
2-1: Swinging Strike
2-2: Foul Ball, location: 2F
2-2: Foul Ball, location: 2F
2-2: Foul Ball, location: 2F
2-2: Foul Ball, location: 2F
2-2: Fly out, F7 (Flyball, 7S)
Batting: LHB Shunso Kiyomizu 0-0: Foul Ball, location: 2F
0-1: Ground out 4-3 (Groundball, 4)
Bottom of the 1st over - 0 runs, 0 hits, 0 errors, 0 left on base; Alameda 0 - Mancelona 0
TOP OF THE 2ND
Alameda Airmen batting - Pitching for Mancelona Torch : LHP Larry Duille
Batting: LHB Rodrigo Rodríguez 0-0: Ball
1-0: Called Strike
1-1: Ball
2-1: Ball
3-1: Called Strike
3-2: Strikes out swinging
Batting: RHB Mick Spargo 0-0: Ball
1-0: Foul Ball, location: 2F
1-1: Swinging Strike
1-2: Ball
2-2: Foul Ball, location: 2F
2-2: Strikes out looking
Batting: RHB Bob Houghton 0-0: Ground out 6-3 (Groundball, 6)
Top of the 2nd over - 0 runs, 0 hits, 0 errors, 0 left on base; Alameda 0 - Mancelona 0
BOTTOM OF THE 2ND
Mancelona Torch batting - Pitching for Alameda Airmen : LHP Clay Pryor
Batting: RHB Vilhelm Loyen 0-0: Swinging Strike
0-1: Ball
1-1: Called Strike
1-2: TRIPLE (Line Drive, 9D)
Batting: RHB Emílio Agramónte 0-0: Fly out, F8 (Flyball, 8LXD)
Runner from 3rd tags up, SCORES, no throw
Batting: LHB Badry Maksimenov 0-0: Swinging Strike
0-1: Ball
1-1: Ball
2-1: Ball
3-1: Swinging Strike
3-2: Foul Ball, location: 2F
3-2: Fly out, F3 (Line Drive, 34)
Batting: RHB José Santos 0-0: Ball
1-0: Ball
2-0: SINGLE (Line Drive, 6M)
Batting: RHB Raúl Cicerón 0-0: Ball
1-0: Foul Ball, location: 2F
1-1: DOUBLE (Flyball, 89D)
José Santos to third
Runner from 3rd tries for Home, SAFE, no throw
Batting: RHB Ratko Ralevic 0-0: Called Strike
0-1: Foul Ball, location: 2F
0-2: Foul Ball, location: 2F
0-2: Strikes out swinging
Bottom of the 2nd over - 2 runs, 3 hits, 0 errors, 1 left on base; Alameda 0 - Mancelona 2
TOP OF THE 3RD
Alameda Airmen batting - Pitching for Mancelona Torch : LHP Larry Duille
Batting: RHB Nicholas Seal 0-0: Ball
1-0: Ball
2-0: SINGLE (Groundball, 4D)
Batting: LHB Jesús De Jesús 0-0: Called Strike
0-1: Ball
1-1: Swinging Strike
1-2: Ball
2-2: Ball
3-2: Strikes out swinging
Batting: RHB Domingo Torres 0-0: Ball
1-0: SINGLE (Groundball, 4MD)
Nicholas Seal to second
Batting: LHB Ed Berry 0-0: Ball
1-0: Foul Ball, location: 2F
1-1: Called Strike
1-2: SINGLE (Flyball, 9S)
Nicholas Seal to third
Domingo Torres to second
Runner from 3rd tries for Home, SAFE, no throw
Batting: RHB Cristián Coronado 0-0: Ball
1-0: Ball
2-0: Foul Ball, location: 2F
2-1: Foul Ball, location: 2F
2-2: Ball
3-2: Foul Ball, location: 2F
Balk!
Domingo Torres to third
Ed Berry to second
3-2: Fly out, F7 (Flyball, 78D)
Runner from 3rd tags up, SCORES, no throw
Batting: RHB Joaquín Lara 0-0: Ball
1-0: Foul Ball, location: 2F
1-1: Foul Ball, location: 2F
1-2: Ball
2-2: Strikes out swinging, 2-3 out at first.
Top of the 3rd over - 2 runs, 3 hits, 0 errors, 1 left on base; Alameda 2 - Mancelona 2
BOTTOM OF THE 3RD
Mancelona Torch batting - Pitching for Alameda Airmen : LHP Clay Pryor
Batting: RHB Alohanani Koora 0-0: DOUBLE (Line Drive, 89D)
Batting: RHB Daniel McCoy 0-0: Swinging Strike
0-1: Ball
1-1: Ball
2-1: Ball
3-1: SINGLE (Line Drive, 34D)
Alohanani Koora to third
Runner from 3rd tries for Home, SAFE, throw made home
Batting: LHB Shunso Kiyomizu 0-0: Called Strike
0-1: Ball
1-1: Fielders Choice at 2nd, 4-6 (Groundball, 4)
Batting: RHB Vilhelm Loyen 0-0: Foul Ball, location: 2F
0-1: Ball
1-1: Ball
2-1: Called Strike
2-2: Foul Ball, location: 2F
2-2: Foul Ball, location: 2F
2-2: Grounds into double play, 6-4-3 (Groundball, 56)
Bottom of the 3rd over - 1 run, 2 hits, 0 errors, 0 left on base; Alameda 2 - Mancelona 3
TOP OF THE 4TH
Alameda Airmen batting - Pitching for Mancelona Torch : LHP Larry Duille
Batting: LHB Rodrigo Rodríguez 0-0: Called Strike
0-1: Foul Ball, location: 2F
0-2: Fly out, F7 (Flyball, 7D)
Batting: RHB Mick Spargo 0-0: Called Strike
0-1: Ball
1-1: Foul Ball, location: 2F
1-2: Ball
2-2: Strikes out swinging
Batting: RHB Bob Houghton 0-0: Ball
1-0: SINGLE (Groundball, 56) (infield hit)
Batting: RHB Nicholas Seal 0-0: Called Strike
0-1: Ball
1-1: Called Strike
1-2: SINGLE (Groundball, 34D)
Bob Houghton to second
Runner from 2nd tries for 3rd, SAFE, no throw
Pinch Runner at 3rd Rafael Gómez:
Batting: LHB Jesús De Jesús 0-0: Called Strike
0-1: Foul Ball, location: 2F
0-2: Fly out, F9 (Flyball, 89S)
Top of the 4th over - 0 runs, 2 hits, 0 errors, 2 left on base; Alameda 2 - Mancelona 3
BOTTOM OF THE 4TH
Mancelona Torch batting - Pitching for Alameda Airmen : LHP Clay Pryor
Now at 2B: Rafael Gómez
Batting: RHB Emílio Agramónte 0-0: SINGLE (Groundball, 6D)
Batting: LHB Badry Maksimenov 0-0: Swinging Strike
0-1: Called Strike
0-2: 2-RUN HOME RUN (Flyball, 9LD), Distance : 346 ft
Batting: RHB José Santos 0-0: Ball
1-0: Foul Ball, location: 2F
1-1: Ball
2-1: Ball
3-1: Foul Ball, location: 2F
3-2: Foul Ball, location: 2F
3-2: Base on Balls
Batting: RHB Raúl Cicerón 0-0: Called Strike
0-1: Ball
1-1: Called Strike
1-2: Ball
2-2: Ball
3-2: Fielders Choice at 2nd, 6-4 (Groundball, 6)
Batting: RHB Ratko Ralevic 0-0: Foul Ball, location: 2F
0-1: Ball
1-1: Ball
2-1: SINGLE (Line Drive, 4M)
Raúl Cicerón to second
Batting: RHB Alohanani Koora 0-0: Ball
1-0: Ball
2-0: Foul Ball, location: 2F
2-1: Foul Ball, location: 2F
2-2: Strikes out swinging
Batting: RHB Daniel McCoy 0-0: Called Strike
0-1: Fielders Choice at 2nd, 6-4 (Groundball, 6)
Bottom of the 4th over - 2 runs, 3 hits, 0 errors, 2 left on base; Alameda 2 - Mancelona 5
TOP OF THE 5TH
Alameda Airmen batting - Pitching for Mancelona Torch : LHP Larry Duille
Batting: RHB Domingo Torres 0-0: Foul Ball, location: 2F
0-1: Ball
1-1: Called Strike
1-2: Foul Ball, location: 2F
1-2: Strikes out looking
Batting: LHB Ed Berry 0-0: Foul Ball, location: 2F
0-1: Ball
1-1: Called Strike
1-2: Ball
2-2: Foul Ball, location: 2F
2-2: Foul Ball, location: 2F
2-2: Ball
3-2: SINGLE (Flyball, 89M)
Batting: RHB Cristián Coronado 0-0: Called Strike
0-1: Ball
1-1: Ball
2-1: Ball
3-1: Fly out, F9 (Line Drive, 89M)
Batting: RHB Joaquín Lara 0-0: Called Strike
0-1: Ball
1-1: Ball
2-1: Foul Ball, location: 2F
2-2: Ground out 5-3 (Groundball, 56S)
Top of the 5th over - 0 runs, 1 hit, 0 errors, 1 left on base; Alameda 2 - Mancelona 5
BOTTOM OF THE 5TH
Mancelona Torch batting - Pitching for Alameda Airmen : LHP Clay Pryor
Pitching: RHP António Colón
Batting: LHB Shunso Kiyomizu 0-0: Ball
1-0: Called Strike
1-1: Called Strike
1-2: Strikes out swinging
Batting: RHB Vilhelm Loyen 0-0: Foul Ball, location: 2F
0-1: Ball
1-1: Ball
2-1: Ball
3-1: Base on Balls
Batting: RHB Emílio Agramónte 0-0: Fly out, F3 (Popup, 3S)
Batting: LHB Badry Maksimenov 0-0: Ball
1-0: Called Strike
1-1: Ball
2-1: DOUBLE (Groundball, 3L)
Vilhelm Loyen to third
Batting: RHB José Santos 0-0: SINGLE (Line Drive, 7LS)
Vilhelm Loyen scores
Badry Maksimenov to third
Runner from 3rd tries for Home, SAFE, throw made home
Batting: RHB Raúl Cicerón 0-0: Foul Ball, location: 2F
0-1: Swinging Strike
0-2: Ball
1-2: Strikes out swinging
Bottom of the 5th over - 2 runs, 2 hits, 0 errors, 1 left on base; Alameda 2 - Mancelona 7
TOP OF THE 6TH
Alameda Airmen batting - Pitching for Mancelona Torch : LHP Larry Duille
Batting: LHB Rodrigo Rodríguez 0-0: Ball
1-0: Ball
2-0: Called Strike
2-1: Called Strike
2-2: Strikes out swinging
Batting: RHB Mick Spargo 0-0: Swinging Strike
0-1: Ball
1-1: SINGLE (Flyball, 9LM)
Batting: RHB Rafael Gómez 0-0: Swinging Strike
0-1: Ball
1-1: Foul Ball, location: 2F
1-2: Ball
2-2: SINGLE (Line Drive, 5D)
Mick Spargo to second
Batting: RHB Nicholas Seal 0-0: Foul Ball, location: 2F
0-1: SINGLE (Flyball, 89M)
Mick Spargo to third
Rafael Gómez to second
Batting: LHB Jesús De Jesús 0-0: Ball
1-0: Ball
2-0: Foul Ball, location: 2F
2-1: Ball
3-1: Grounds into double play, 4-6-3 (Groundball, 34D)
Top of the 6th over - 0 runs, 3 hits, 0 errors, 2 left on base; Alameda 2 - Mancelona 7
BOTTOM OF THE 6TH
Mancelona Torch batting - Pitching for Alameda Airmen : RHP António Colón
Batting: RHB Ratko Ralevic 0-0: Ball
1-0: SINGLE (Groundball, 6MD)
Batting: RHB Alohanani Koora 0-0: Ball
1-0: Fielders Choice at 2nd, 6-4 (Groundball, 6)
Batting: RHB Daniel McCoy 0-0: Ball
1-0: Ball
2-0: Ball
3-0: Base on Balls
Alohanani Koora to second
Batting: LHB Shunso Kiyomizu 0-0: SINGLE (Line Drive, 9LS)
Alohanani Koora to third
Daniel McCoy to second
Batting: RHB Vilhelm Loyen 0-0: Called Strike
0-1: Ball
1-1: Ball
2-1: Foul Ball, location: 2F
2-2: Foul Ball, location: 2F
2-2: Foul Ball, location: 2F
2-2: Grounds into double play, 5-2-3 (Groundball, 5S)
Bottom of the 6th over - 0 runs, 2 hits, 0 errors, 2 left on base; Alameda 2 - Mancelona 7
TOP OF THE 7TH
Alameda Airmen batting - Pitching for Mancelona Torch : LHP Larry Duille
Batting: RHB Domingo Torres 0-0: Called Strike
0-1: Called Strike
0-2: Foul Ball, location: 2F
0-2: Ball
1-2: Ground out 6-3 (Groundball, 6S)
Batting: LHB Ed Berry 0-0: Ball
1-0: Swinging Strike
1-1: Ground out U3 (Groundball, 3L)
Batting: RHB Cristián Coronado 0-0: Ball
1-0: Fly out, F9 (Flyball, 9LDF)
Top of the 7th over - 0 runs, 0 hits, 0 errors, 0 left on base; Alameda 2 - Mancelona 7
BOTTOM OF THE 7TH
Mancelona Torch batting - Pitching for Alameda Airmen : RHP António Colón
Batting: RHB Emílio Agramónte 0-0: Ball
1-0: Ball
2-0: Ball
3-0: Called Strike
3-1: Ground out 5-3 (Groundball, 56)
Batting: LHB Xuan-ling Chen 0-0: Swinging Strike
0-1: Called Strike
0-2: Foul Ball, location: 2F
0-2: Ball
1-2: Ground out 6-3 (Groundball, 6M)
Batting: RHB José Santos 0-0: Ball
1-0: Ball
2-0: DOUBLE (Line Drive, 3D)
Batting: RHB Raúl Cicerón 0-0: Ball
1-0: Called Strike
1-1: Ball
2-1: Fly out, F9 (Flyball, 89D)
Bottom of the 7th over - 0 runs, 1 hit, 0 errors, 1 left on base; Alameda 2 - Mancelona 7
TOP OF THE 8TH
Alameda Airmen batting - Pitching for Mancelona Torch : LHP Larry Duille
Pitching: RHP William Dillard
Now in LF: Jorge Vélez
Batting: RHB Joaquín Lara 0-0: Called Strike
0-1: Ball
1-1: Fly out, F9 (Flyball, 9D)
Batting: LHB Rodrigo Rodríguez 0-0: Called Strike
0-1: Ball
1-1: Foul Ball, location: 2F
1-2: SOLO HOME RUN (Flyball, 9D), Distance : 395 ft
Batting: RHB Mick Spargo 0-0: Foul Ball, location: 2F
0-1: Ball
1-1: Ground out U3 (Groundball, 34S)
Batting: RHB Rafael Gómez 0-0: Ball
1-0: Called Strike
1-1: SINGLE (Line Drive, 7LS)
Batting: RHB Nicholas Seal 0-0: SINGLE (Line Drive, 34D)
Rafael Gómez to second
Batting: LHB Jesús De Jesús 0-0: Called Strike
0-1: Foul Ball, location: 2F
0-2: Strikes out swinging
Top of the 8th over - 1 run, 3 hits, 0 errors, 2 left on base; Alameda 3 - Mancelona 7
BOTTOM OF THE 8TH
Mancelona Torch batting - Pitching for Alameda Airmen : RHP António Colón
Batting: RHB Ratko Ralevic 0-0: DOUBLE (Line Drive, 89D)
Batting: RHB Alohanani Koora 0-0: Called Strike
0-1: Ball
1-1: Ball
2-1: Bunted foul
2-2: Ball
3-2: Base on Balls
Pitching: RHP Yu-bao Yep
Batting: RHB Daniel McCoy 0-0: Ball
1-0: Ball
2-0: Fielders Choice at 2nd, 3-6 (Groundball, 34)
Ratko Ralevic to third
Batting: LHB Shunso Kiyomizu 0-0: Called Strike
0-1: Swinging Strike
0-2: Ball
1-2: Ball
2-2: Fly out, F3 (Line Drive, 3)
Batting: RHB Vilhelm Loyen 0-0: Ball
1-0: Foul Ball, location: 2F
1-1: Foul Ball, location: 2F
1-2: Ball
2-2: Ball
3-2: Base on Balls
Daniel McCoy to second
Batting: RHB Emílio Agramónte 0-0: Ball
1-0: Ball
2-0: SINGLE (Groundball, 56D)
Ratko Ralevic scores
Daniel McCoy to third
Vilhelm Loyen to second
Batting: LHB Xuan-ling Chen 0-0: Called Strike
0-1: Ball
1-1: Swinging Strike
1-2: Strikes out swinging
Bottom of the 8th over - 1 run, 2 hits, 0 errors, 3 left on base; Alameda 3 - Mancelona 8
TOP OF THE 9TH
Alameda Airmen batting - Pitching for Mancelona Torch : RHP William Dillard
Batting: RHB Domingo Torres 0-0: Ball
1-0: Foul Ball, location: 2F
1-1: Ball
2-1: Ball
3-1: SINGLE (Line Drive, 9S)
Batting: LHB Ed Berry 0-0: Called Strike
0-1: Ball
1-1: Ground out 6-3 (Groundball, 6S)
Domingo Torres to second
Batting: RHB Cristián Coronado 0-0: SINGLE (Groundball, 56) (infield hit)
Domingo Torres to third
Batting: RHB Joaquín Lara 0-0: Ball
1-0: Ball
2-0: Ball
3-0: Called Strike
3-1: Base on Balls
Cristián Coronado to second
Batting: LHB Rodrigo Rodríguez 0-0: Ball
1-0: Called Strike
1-1: Foul Ball, location: 2F
1-2: Ball
2-2: Foul Ball, location: 2F
2-2: Ball
3-2: Foul Ball, location: 2F
3-2: Base on Balls
Domingo Torres scores
Cristián Coronado to third
Joaquín Lara to second
Pitching: RHP Oscar Kenselaar
Batting: RHB Mick Spargo 0-0: Ball
1-0: Swinging Strike
1-1: Fly out, F8 (Flyball, 8RD)
Runner from 3rd tags up, SCORES, no throw
Batting: RHB Rafael Gómez 0-0: Ball
1-0: Ball
2-0: Called Strike
2-1: Foul Ball, location: 2F
2-2: Foul Ball, location: 2F
2-2: Foul Ball, location: 2F
2-2: Strikes out swinging
Top of the 9th over - 2 runs, 2 hits, 0 errors, 2 left on base; Alameda 5 - Mancelona 8
Sunday, March 18th, 2018 - OOTP Baseball 18.8 Build 76